[Event "Team 45 45 League T43"]
[Site "Internet Chess Club"]
[Date "2009.11.13"]
[Round "3"]
[White "Holzschlange"]
[Black "Gwyddbwyll"]
[Result "1/2-1/2"]
[WhiteElo "1900"]
[BlackElo "1879"]
[Opening "English opening"]
[ECO "A20"]
[Time "16:13:03"]
[TimeControl "2700+45"]

1. c4 e5 2. g3 Nf6 3. Bg2 Nc6 4. Nc3 Bc5 5. Nf3 d6 6. d3 O-O 7. O-O a6 8. a3 h6
9. b4 Ba7 10. Bb2 Be6 11. Rc1 Qd7 12. Re1 Ne7 13. Na4 b5 14. cxb5 axb5 15. Nc3
Bh3 16. Bh1 Rac8 17. a4 bxa4 18. Qxa4 Qxa4 19. Nxa4 Ned5 20. Rc4 {Game drawn by
mutual agreement} 1/2-1/2

[Event "Team 45 45 League T43"]
[Site "Internet Chess Club"]
[Date "2009.11.16"]
[Round "3"]
[White "andretta"]
[Black "mdennis92"]
[Result "1/2-1/2"]
[WhiteElo "2362"]
[BlackElo "2165"]
[Opening "Queen's Indian: old main line, 7.Nc3"]
[ECO "E18"]
[Time "16:01:36"]
[TimeControl "2700+45"]

1. Nf3 Nf6 2. c4 e6 3. g3 b6 4. Bg2 Bb7 5. O-O Be7 6. d4 O-O 7. Nc3 Ne4 8. Nxe4
Bxe4 9. Ne1 Bxg2 10. Nxg2 d5 11. Qa4 Bf6 12. Be3 Qd7 13. Qxd7 Nxd7 14. cxd5 exd5
15. Rac1 Rac8 16. Nf4 c6 17. Rc2 g5 18. Nd3 c5 19. dxc5 d4 20. Bd2 Nxc5 21. Nxc5
Rxc5 22. Rxc5 bxc5 23. Rc1 Be7 24. Rc4 Rb8 25. b3 f5 26. e3 Rd8 27. exd4 Rxd4
28. Rxd4 cxd4 29. Kf1 Kf7 30. Ke2 Ke6 31. Kd3 Kd5 32. Bc1 h6 33. Bb2 Bc5 34. h3
g4 35. hxg4 fxg4 36. Bc1 h5 37. Bg5 Bb4 38. Bf6 Bc3 39. Bg7 {Game drawn by
mutual agreement} 1/2-1/2

[Event "Team 45 45 League T43"]
[Site "Internet Chess Club"]
[Date "2009.11.16"]
[Round "3"]
[White "playwaycool"]
[Black "demo05"]
[Result "0-1"]
[WhiteElo "2100"]
[BlackElo "2103"]
[Opening "QGD Slav: exchange variation"]
[ECO "D13"]
[Time "18:00:12"]
[TimeControl "2700+45"]

1. d4 d5 2. c4 c6 3. cxd5 cxd5 4. Nf3 Nf6 5. Nc3 Nc6 6. Bf4 a6 7. Rc1 e6 8. e3
Bd6 9. Bxd6 Qxd6 10. Bd3 Bd7 11. O-O O-O 12. Na4 Nb4 13. Bb1 Rac8 14. Nc3 Rc7
15. Ne5 Rfc8 16. a3 Nc6 17. f4 b5 18. g4 Be8 19. g5 Nd7 20. Rf3 Nf8 21. Rh3 f6
22. gxf6 gxf6 23. Rg3+ Kh8 24. Qg4 Bg6 25. Bxg6 fxe5 26. Bf7 Ng6 27. Bxg6 exd4
28. Bd3 dxc3 29. Rxc3 d4 30. Rc2 dxe3 31. Rcg2 Qf8 32. Qxe6 Re7 33. Qd6 Ne5 34.
Qd4 Rc1+ 35. Bf1 e2 36. Rxe2 Rc4 37. Qb6 Rxf4 38. Bg2 Nc4 39. Rxe7 Nxb6 40. Rge3
Qg8 41. Ra7 Rg4 42. Re2 Nd5 43. h3 Rg6 44. Kf1 Nf4 45. Ra8 Nxe2 46. Rxg8+ Rxg8
{White resigns} 0-1

[Event "Team 45 45 League T43"]
[Site "Internet Chess Club"]
[Date "2009.11.15"]
[Round "3"]
[White "Jack-ONeill"]
[Black "xakelari"]
[Result "1-0"]
[WhiteElo "2023"]
[BlackElo "2044"]
[Opening "QGD: exchange, positional line"]
[ECO "D35"]
[Time "12:01:14"]
[TimeControl "2700+45"]

1. d4 Nf6 2. c4 e6 3. Nc3 d5 4. cxd5 exd5 5. Bg5 Be7 6. e3 c6 7. Bd3 Nbd7 8. Qc2
Nf8 9. Nf3 Ne6 10. Bh4 g6 11. O-O Ng7 12. b4 a6 13. a4 Bxb4 14. e4 dxe4 15. Nxe4
Be7 16. Nxf6+ Bxf6 17. Rfe1+ Ne6 18. Bxf6 Qxf6 19. Qc5 Qe7 20. Qe5 O-O 21. Rab1
Qc7 22. Qe4 Qf4 23. Ne5 Qxe4 24. Rxe4 Nc7 25. Ree1 Kg7 26. Be4 Nd5 27. Bxd5 cxd5
28. Rec1 Bf5 29. Rxb7 Rab8 30. Rcc7 Rxb7 31. Rxb7 Kh6 32. Nxf7+ Kh5 33. h3 Bc8
34. Rc7 h6 35. Ne5 Kg5 36. Rc6 Bf5 37. Rxa6 Rb8 38. Kh2 Kf4 39. Nxg6+ Ke4 40.
Ne7 Bd7 41. Rd6 Bxa4 42. Nxd5 Kxd4 43. Ne3+ Ke5 44. Rxh6 Rf8 45. Rh5+ Ke6 46.
Kg1 Be8 47. Rh6+ Ke5 48. h4 Rg8 49. Rh7 Bg6 50. Rh6 Be8 51. g4 Bd7 52. f3 Ra8
53. Kf2 Ba4 54. Nc4+ Kd4 55. Ne3 Ke5 56. Rh5+ Kf6 57. Nd5+ Kg6 58. Nb6 Ra6 59.
Nxa4 Rxa4 60. Rb5 Ra6 61. h5+ Kh6 62. Kg3 Rf6 63. g5+ {Black resigns} 1-0

[Event "Team 45 45 League T43"]
[Site "Internet Chess Club"]
[Date "2009.11.15"]
[Round "3"]
[White "ElCreyente"]
[Black "Telos"]
[Result "0-1"]
[WhiteElo "2299"]
[BlackElo "2439"]
[Opening "English opening"]
[ECO "A30"]
[Time "11:00:28"]
[TimeControl "2700+45"]

1. Nf3 Nf6 2. c4 c5 3. g3 b6 4. Bg2 Bb7 5. O-O e6 6. Nc3 a6 7. b3 d6 8. Bb2 Nbd7
9. e3 Be7 10. d4 cxd4 11. Nxd4 Qc7 12. Rc1 Rc8 13. Bxb7 Qxb7 14. Qf3 Qc7 15.
Rfd1 h5 16. Ne4 Ne5 17. Nxf6+ gxf6 18. Qe4 h4 19. Ne2 hxg3 20. hxg3 f5 21. Qg2
Rh6 22. Bxe5 dxe5 23. Rc2 Bb4 24. a3 Bxa3 25. Ra2 Bc5 26. Rxa6 Ke7 27. Rda1 Kf6
28. Ra7 Qd8 29. Nc3 Qd2 30. Rxf7+ Kxf7 31. Qb7+ Be7 {White resigns} 0-1

[Event "Team 45 45 League T43"]
[Site "Internet Chess Club"]
[Date "2009.11.16"]
[Round "3"]
[White "goala"]
[Black "Vaigpertu"]
[Result "0-1"]
[WhiteElo "2143"]
[BlackElo "2215"]
[Opening "Richter-Veresov attack"]
[ECO "D01"]
[Time "17:16:08"]
[TimeControl "2700+45"]

1. d4 Nf6 2. Nc3 d5 3. Bg5 c5 4. dxc5 e6 5. e4 Bxc5 6. e5 Qb6 7. exf6 Bxf2+ 8.
Kd2 gxf6 9. Bh6 Bd7 10. Nf3 Nc6 11. Kc1 Rg8 12. Qd2 Ne5 13. Nd1 Bc5 14. Be3 Nxf3
15. gxf3 d4 16. Rg1 Rg6 17. Rxg6 hxg6 18. Bf4 e5 19. Bg3 Bb4 20. Qd3 Rc8 21. Qb3
Be6 22. Qa4+ Kf8 23. Bd3 Rc5 24. a3 Ra5 25. Qxb4+ Qxb4 26. axb4 Rxa1+ 27. Kd2
Bd5 28. Be2 Ke7 29. Nf2 Ke6 30. Nd3 b6 31. c3 dxc3+ 32. bxc3 Ra2+ 33. Ke3 Rc2
34. Be1 f5 35. f4 g5 36. Bg3 gxf4+ 37. Bxf4 exf4+ 38. Nxf4+ Kd6 39. Kd4 a5 40.
bxa5 bxa5 41. h4 a4 42. Bd3 Rh2 {White resigns} 0-1

[Event "Team 45 45 League T43"]
[Site "Internet Chess Club"]
[Date "2009.11.13"]
[Round "3"]
[White "nodoy1"]
[Black "Russian"]
[Result "1-0"]
[WhiteElo "2088"]
[BlackElo "2057"]
[Opening "Sicilian: Alapin's variation (2.c3)"]
[ECO "B22"]
[Time "17:15:33"]
[TimeControl "2700+45"]

1. e4 c5 2. c3 Nf6 3. e5 Nd5 4. d4 cxd4 5. Nf3 Nc6 6. Bc4 Nb6 7. Bb3 d5 8. exd6
Qxd6 9. O-O Bf5 10. Nxd4 Nxd4 11. cxd4 e6 12. Nc3 Be7 13. Qf3 Qd7 14. d5 exd5
15. Nxd5 Nxd5 16. Bxd5 O-O 17. Bxb7 Rab8 18. Bc6 Qc8 19. Bd5 Bf6 20. Bb3 Bg6 21.
Bf4 Rb4 22. Bd6 Rg4 23. h3 Rg5 24. Rac1 Qd7 25. Bxf8 Bh5 26. Qa8 Bd8 27. Rc8 Bf3
28. Qxf3 Qxc8 29. Qxf7+ {Black resigns} 1-0

[Event "Team 45 45 League T43"]
[Site "Internet Chess Club"]
[Date "2009.11.13"]
[Round "3"]
[White "picante"]
[Black "lluisdp"]
[Result "1/2-1/2"]
[WhiteElo "1950"]
[BlackElo "2054"]
[Opening "King's Indian: Sämisch, Panno main line"]
[ECO "E84"]
[Time "17:04:39"]
[TimeControl "2700+45"]

1. d4 Nf6 2. c4 g6 3. Nc3 Bg7 4. e4 d6 5. f3 O-O 6. Be3 Nc6 7. Qd2 a6 8. Nge2
Rb8 9. Nc1 Bd7 10. Nb3 e5 11. d5 Ne7 12. a4 Nh5 13. g4 Nf4 14. Nc1 f5 15. gxf5
gxf5 16. N1e2 fxe4 17. Rg1 Neg6 18. Nxe4 b5 19. axb5 axb5 20. c5 Bf5 21. N2g3
Ra8 22. Rxa8 Qxa8 23. Nxf5 Rxf5 24. cxd6 cxd6 25. Nxd6 Rh5 26. Ne4 Qa1+ 27. Qc1
Qxc1+ 28. Bxc1 Nxd5 29. Bxb5 Kf8 30. b3 Ndf4 31. Ba3+ Kf7 32. Bc4+ Ke8 33. Bb5+
Kf7 34. Nd6+ Ke6 35. Bc4+ Kd7 36. Bb5+ Ke6 37. Bc4+ {Game drawn by mutual
agreement} 1/2-1/2

[Event "Team 45 45 League T43"]
[Site "Internet Chess Club"]
[Date "2009.11.12"]
[Round "3"]
[White "GaShMa"]
[Black "f5"]
[Result "0-1"]
[WhiteElo "2096"]
[BlackElo "2174"]
[Opening "Ruy Lopez: closed, anti-Marshall 8.a4"]
[ECO "C88"]
[Time "14:07:29"]
[TimeControl "2700+45"]

1. e4 e5 2. Nf3 Nc6 3. Bb5 a6 4. Ba4 Nf6 5. O-O Be7 6. Re1 b5 7. Bb3 O-O 8. a4
Bb7 9. d3 d6 10. c3 Nd7 11. Bc2 b4 12. a5 Rb8 13. Be3 Re8 14. d4 bxc3 15. bxc3
Bf6 16. d5 Ne7 17. c4 Bc8 18. Nc3 Rb4 19. Ra4 Rb7 20. Ra3 Rb4 21. Ba4 Rf8 22.
Rb3 Rxb3 23. Qxb3 Ng6 24. g3 Be7 25. Nd2 Bg5 26. Bxd7 Bxe3 27. Rxe3 Qxd7 28. c5
Ne7 29. Nc4 f5 30. c6 Qd8 31. Nxe5 f4 32. gxf4 Rxf4 33. Nd3 Rf7 34. Ne2 Ng6 35.
Rg3 Qe7 36. Qc4 Ne5 37. Nxe5 Qxe5 38. Qd4 Qh5 39. Qe3 Qe5 40. Qg5 Qxe4 41. Re3
Qg4+ 42. Qxg4 Bxg4 43. Kf1 Kf8 44. Rb3 Bf3 45. Nc3 Ke7 46. Rb7 Kf6 47. Ra7 Ke5
48. Rxa6 Rf4 49. Ra8 Kd4 50. Nb5+ Kxd5 51. Nxc7+ Kxc6 52. Ne6 Ra4 53. Ke1 Re4+
54. Kd2 Rxe6 55. Ra7 Rg6 56. Rf7 Bh1 57. a6 Kb6 58. a7 Bb7 {White resigns} 0-1

[Event "Team 45 45 League T43"]
[Site "Internet Chess Club"]
[Date "2009.11.12"]
[Round "3"]
[White "chiiwen"]
[Black "SlimeDog2"]
[Result "0-1"]
[WhiteElo "2085"]
[BlackElo "2189"]
[Opening "Petrov: classical attack, Marshall variation"]
[ECO "C42"]
[Time "20:03:17"]
[TimeControl "2700+45"]

1. e4 e5 2. Nf3 Nf6 3. Nxe5 d6 4. Nf3 Nxe4 5. d4 d5 6. Bd3 Bd6 7. O-O O-O 8. c4
c6 9. Qc2 Na6 10. a3 Bg4 11. Bxe4 dxe4 12. Qxe4 Bxf3 13. Qxf3 Qh4 14. g3 Qxd4
15. Rd1 Qxc4 16. Nc3 Rad8 17. Be3 Bc5 18. Rac1 Qb3 19. Bxc5 Nxc5 20. Qe2 h6 21.
Rxd8 Rxd8 22. Re1 Qe6 23. Qf1 Qf5 24. Qe2 Ne6 25. Rd1 Nd4 26. Qe3 c5 27. Kg2 Rd6
28. b4 Re6 29. Qd3 Qxd3 30. Rxd3 cxb4 31. axb4 Rd6 32. Ne4 Rd8 33. b5 Kf8 34.
Nc5 b6 35. Nb3 Ne6 36. Rc3 Ke7 37. Nc1 Nd4 38. Re3+ Kd6 39. Rd3 Kc7 40. Rc3+ Kb7
41. Rd3 Rd6 42. Re3 Kc7 43. Re5 f6 44. Rh5 f5 45. Na2 Rd5 {White resigns} 0-1

[Event "Team 45 45 League T43"]
[Site "Internet Chess Club"]
[Date "2009.11.16"]
[Round "3"]
[White "adh2050"]
[Black "perikitosax"]
[Result "1-0"]
[WhiteElo "2060"]
[BlackElo "2037"]
[Opening "Sicilian: closed, 2...Nc6"]
[ECO "B23"]
[Time "13:45:54"]
[TimeControl "2700+45"]

1. e4 c5 2. Nc3 Nc6 3. Bb5 Nd4 4. Bc4 e6 5. Nge2 Nf6 6. O-O a6 7. d3 b5 8. Bb3
Nxb3 9. axb3 Bb7 10. f4 d6 11. f5 Be7 12. fxe6 fxe6 13. Nf4 Qd7 14. Bd2 O-O 15.
Qe2 e5 16. Nh3 Rae8 17. Rf3 Bd8 18. Raf1 b4 19. Nd1 d5 20. Nhf2 d4 21. Nh1 Bc8
22. h3 Qc6 23. Ng3 Be6 24. Nf5 Bxf5 25. Rxf5 Nd7 26. Nf2 g6 27. Rxf8+ Rxf8 28.
Ng4 Rxf1+ 29. Qxf1 Qe6 30. Bh6 Nf6 31. Nh2 Be7 32. Nf3 Nh5 33. Ng5 Qf6 34. Qf3
Ng7 35. Qg4 Bf8 36. Qd7 Qe7 37. Qd5+ Kh8 38. Nf7+ Kg8 39. Nd8+ Kh8 40. Bg5 Qe8
41. Nf7+ {Black resigns} 1-0

[Event "Team 45 45 League T43"]
[Site "Internet Chess Club"]
[Date "2009.11.15"]
[Round "3"]
[White "TerryMalloy"]
[Black "AMAV"]
[Result "1-0"]
[WhiteElo "2051"]
[BlackElo "2103"]
[Opening "Sicilian: Nimzovich-Rossolimo attack (without ...d6)"]
[ECO "B30"]
[Time "14:17:12"]
[TimeControl "2700+45"]

1. e4 c5 2. Nf3 Nc6 3. Bb5 e6 4. O-O Nge7 5. c3 a6 6. Ba4 b5 7. Bc2 Bb7 8. Re1
Ng6 9. a4 Be7 10. axb5 axb5 11. Rxa8 Bxa8 12. d4 O-O 13. dxc5 Bxc5 14. b4 Be7
15. Qe2 Qb6 16. Na3 Rb8 17. e5 Qa6 18. Rd1 Nf8 19. Bd3 Na7 20. Nd4 Bc6 21. Nxc6
dxc6 22. Qe4 c5 23. bxc5 Bxc5 24. Nc2 Qa4 25. Be3 Bxe3 26. Qxe3 Nc6 27. Ra1 Qb3
28. Nd4 Nxd4 29. cxd4 Qd5 30. Ra5 Qc6 31. h3 b4 32. Ra2 Ng6 33. Rc2 Qa4 34. Rc4
Qa1+ 35. Rc1 Qa3 36. Rb1 Qa2 37. Bxg6 hxg6 38. Qb3 Qd2 39. Qd1 Qxd1+ 40. Rxd1 b3
41. Kf1 Rb4 42. Rb1 Kf8 43. f3 Ke7 44. Ke2 f6 45. Kd3 fxe5 46. dxe5 Rb5 47. f4
Rb4 48. g3 g5 49. fxg5 Kf7 50. Kc3 Rb5 51. Rxb3 Rxe5 52. h4 Kg6 53. Kd4 Ra5 54.
Ke4 Kh5 55. Kf3 Rf5+ 56. Kg2 Re5 57. Kh3 Re4 58. Rb7 Kg6 59. Re7 Re2 60. g4 Re3+
61. Kg2 e5 62. Re6+ Kf7 63. Ra6 e4 64. h5 Rf3 65. Ra7+ Kf8 66. h6 gxh6 67. gxh6
Kg8 68. Re7 Rf6 69. Re8+ Kh7 70. g5 Rf5 71. Re7+ Kh8 72. Rg7 e3 73. g6 Rh5 74.
Rh7+ Kg8 75. Kf3 Rg5 76. Rg7+ Kf8 77. Kxe3 Rf5 78. Ra7 Re5+ 79. Kf4 Re8 80. h7
{Black resigns} 1-0

[Event "Team 45 45 League T43"]
[Site "Internet Chess Club"]
[Date "2009.11.15"]
[Round "3"]
[White "jorobo"]
[Black "PandorasBox"]
[Result "1-0"]
[WhiteElo "2174"]
[BlackElo "2090"]
[Opening "English: symmetrical, four knights system"]
[ECO "A34"]
[Time "04:05:38"]
[TimeControl "2700+45"]

1. c4 c5 2. Nc3 Nf6 3. Nf3 Nc6 4. d4 cxd4 5. Nxd4 g6 6. g3 Bg7 7. Bg2 O-O 8. O-O
Re8 9. h3 e5 10. Ndb5 Nd4 11. Be3 Nc6 12. Nd5 Nxd5 13. cxd5 Nd4 14. Nxd4 exd4
15. Bxd4 Bxd4 16. Qxd4 Rxe2 17. Bf3 Re8 18. d6 Re6 19. Rfd1 a5 20. Rac1 Ra6 21.
Qc4 Rc6 22. Bxc6 bxc6 23. Rc2 Qb6 24. Qc5 Qa6 25. Rcd2 Bb7 26. Rd3 a4 27. Re3
Rxe3 28. Qxe3 c5 29. f3 Qc4 30. b3 axb3 31. axb3 Qc2 32. Re1 Bd5 33. Qe8+ Kg7
34. Qe5+ Kg8 35. Qxd5 {Black resigns} 1-0

[Event "Team 45 45 League T43"]
[Site "Internet Chess Club"]
[Date "2009.11.14"]
[Round "3"]
[White "Giacometti"]
[Black "cknights"]
[Result "1-0"]
[WhiteElo "1804"]
[BlackElo "1727"]
[Opening "Sicilian: Grand Prix attack"]
[ECO "B21"]
[Time "12:00:18"]
[TimeControl "2700+45"]

1. f4 c5 2. e4 d6 3. Nf3 Nd7 4. Bc4 Qc7 5. O-O Ngf6 6. Ng5 e6 7. Bxe6 fxe6 8.
Nxe6 Qb6 9. Nc3 c4+ 10. Kh1 Nc5 11. Nd5 Nxd5 12. exd5 Bxe6 13. Re1 O-O-O 14.
dxe6 Re8 15. f5 Be7 16. Qg4 Rhg8 17. Qxc4 Kb8 18. d4 Na6 19. c3 Rgf8 20. Qd3 h6
21. Qg3 Rg8 22. Bf4 Ka8 23. b3 Qd8 24. Qe3 Rgf8 25. Qe4 Qa5 26. c4 Qxf5 27. Qxf5
Rxf5 28. Bg3 Ref8 29. d5 Nb4 30. Rad1 Nxa2 31. h3 g5 32. c5 Nc3 33. cxd6 Nxd1
34. dxe7 Re8 35. Rxd1 Rxe7 36. d6 Re8 37. d7 Rff8 38. e7 Rc8 39. dxc8=Q+ Rxc8
40. Rd8 a5 41. Rxc8+ Ka7 42. e8=Q h5 43. Qd8 b6 44. Ra8+ Kb7 45. Qc8# {Black
checkmated} 1-0

[Event "Team 45 45 League T43"]
[Site "Internet Chess Club"]
[Date "2009.11.14"]
[Round "3"]
[White "achessfool"]
[Black "AlterEgo"]
[Result "1-0"]
[WhiteElo "1550"]
[BlackElo "1469"]
[Opening "Alekhine's defense: modern, fianchetto variation"]
[ECO "B04"]
[Time "10:30:16"]
[TimeControl "2700+45"]

1. e4 Nf6 2. e5 Nd5 3. d4 d6 4. Nf3 g6 5. c4 Nb6 6. Bf4 Bg7 7. Nc3 Bg4 8. exd6
cxd6 9. d5 N8d7 10. Qe2 Rc8 11. Bxd6 Bxf3 12. gxf3 Nxc4 13. Bg3 Nxb2 14. Rc1 Qa5
15. Bh3 Rxc3 16. Bxd7+ Kxd7 17. O-O Rxc1 18. Rxc1 Qxd5 19. Rc7+ Kd8 20. Qxe7#
{Black checkmated} 1-0

[Event "Team 45 45 League T43"]
[Site "Internet Chess Club"]
[Date "2009.11.12"]
[Round "3"]
[White "badmove"]
[Black "TheronUAL"]
[Result "1-0"]
[WhiteElo "1614"]
[BlackElo "1516"]
[Opening "Levitsky attack (Queen's bishop attack)"]
[ECO "D00"]
[Time "15:02:48"]
[TimeControl "2700+45"]

1. d4 d5 2. Bg5 Nf6 3. e3 c6 4. c4 dxc4 5. Nc3 Qa5 6. Bxf6 exf6 7. Nf3 Bb4 8.
Qc2 Be6 9. a3 Nd7 10. Be2 Bf5 11. Qc1 Bxc3+ 12. Qxc3 Qxc3+ 13. bxc3 b5 14. O-O
Nb6 15. Nd2 O-O 16. e4 Rfe8 17. f3 Bg6 18. Kf2 Rad8 19. Bd1 a5 20. Re1 f5 21.
Rb1 fxe4 22. fxe4 a4 23. Rb2 f5 24. Bf3 fxe4 25. Nxe4 Bxe4 26. Bxe4 Nd5 27. Rbe2
g6 28. Bxd5+ Kf8 29. Rxe8+ Rxe8 30. Rxe8+ Kxe8 31. Bxc6+ Ke7 32. Bxb5 Kd6 33.
Bxc4 h6 34. Bb5 {Black resigns} 1-0

[Event "Team 45 45 League T43"]
[Site "Internet Chess Club"]
[Date "2009.11.13"]
[Round "3"]
[White "Wheels"]
[Black "noblitz-oblige"]
[Result "1-0"]
[WhiteElo "2001"]
[BlackElo "1679"]
[Opening "Ruy Lopez: classical (Cordel) defense"]
[ECO "C64"]
[Time "20:00:17"]
[TimeControl "2700+45"]

1. e4 e5 2. Nf3 Nc6 3. Bb5 Bc5 4. O-O d6 5. c3 a6 6. Ba4 b5 7. Bb3 Nf6 8. d4
exd4 9. cxd4 Ba7 10. Re1 O-O 11. h3 h6 12. a4 Bb7 13. Nc3 b4 14. Nd5 Nxd5 15.
Bxd5 Na5 16. Bxb7 Nxb7 17. Bf4 Na5 18. Rc1 c5 19. dxc5 dxc5 20. Qd5 Qxd5 21.
exd5 Rfe8 22. Bc7 Nb7 23. d6 Kh7 24. Rxe8 Rxe8 25. d7 Rf8 26. Re1 Bb8 27. Re8
Kg8 {Black resigns} 1-0

[Event "Team 45 45 League T43"]
[Site "Internet Chess Club"]
[Date "2009.11.16"]
[Round "3"]
[White "g8wrb"]
[Black "OGO"]
[Result "1-0"]
[WhiteElo "1441"]
[BlackElo "1464"]
[Opening "Ruy Lopez: Wormald (Alapin) attack"]
[ECO "C77"]
[Time "11:07:08"]
[TimeControl "2700+45"]

1. e4 e5 2. Nf3 Nc6 3. Bb5 a6 4. Ba4 Nf6 5. Qe2 b5 6. Bb3 Be7 7. c3 O-O 8. O-O
d6 9. d4 exd4 10. cxd4 Bg4 11. Rd1 Rc8 12. Bg5 Bxf3 13. Qxf3 Nxe4 14. Qxe4 Bxg5
15. Qxc6 Re8 16. Nc3 Qf6 17. Ne4 Qf4 18. Nxg5 Qxg5 19. Re1 Re7 20. Rxe7 Qxe7 21.
Qxa6 Re8 22. Qxb5 c6 23. Qf1 Qe4 24. Rd1 d5 25. h3 Re6 26. Rd2 Qf4 27. Rd1 Rh6
28. Qd3 Qg5 29. Qe3 Qd8 30. Re1 Re6 31. Qd2 Rg6 32. Bc2 Rh6 33. Bf5 Rf6 34. Qe2
Kf8 35. Bg4 g6 36. Qe3 h5 37. Qh6+ Kg8 38. Bf3 Qd7 39. Qg5 Re6 40. Rxe6 Qxe6 41.
Qe5 Qd7 42. a4 Qd8 43. Qe1 Qb6 44. Qc3 Kg7 45. b4 Kf6 46. Be2 Ke7 47. Qc5+
{Black resigns} 1-0

[Event "Team 45 45 League T43"]
[Site "Internet Chess Club"]
[Date "2009.11.14"]
[Round "3"]
[White "islanderpfeifer"]
[Black "AtomicDog"]
[Result "1-0"]
[WhiteElo "1581"]
[BlackElo "1289"]
[Opening "Queen's pawn: Yusupov-Rubinstein system"]
[ECO "A46"]
[Time "09:00:39"]
[TimeControl "2700+45"]

1. d4 Nf6 2. Nf3 e6 3. e3 c5 4. c3 cxd4 5. cxd4 d5 6. Bb5+ Bd7 7. Bd3 Bd6 8. O-O
O-O 9. Nc3 Nc6 10. e4 dxe4 11. Nxe4 Nxe4 12. Bxe4 f5 13. Bd3 Qc7 14. Re1 Rae8
15. a3 Kh8 16. Bc4 Na5 17. Ba2 b6 18. Bd2 Rf6 19. b4 Nb7 20. Rc1 Qb8 21. Bg5 Rg6
22. Bh4 Bf4 23. Bg3 Bxg3 24. fxg3 Rh6 25. Ne5 Re7 26. Nxd7 Rxd7 27. Bxe6 Rd6 28.
Rc8+ {Black resigns} 1-0

[Event "Team 45 45 League T43"]
[Site "Internet Chess Club"]
[Date "2009.11.15"]
[Round "3"]
[White "Beancounter"]
[Black "zachi"]
[Result "0-1"]
[WhiteElo "1639"]
[BlackElo "1959"]
[Opening "English: symmetrical variation"]
[ECO "A34"]
[Time "16:01:53"]
[TimeControl "2700+45"]

1. c4 c5 2. Nc3 g6 3. Nf3 Bg7 4. d4 cxd4 5. Nxd4 Nc6 6. e3 Nf6 7. Be2 O-O 8. O-O
a6 9. Nc2 Qc7 10. e4 d6 11. Ne3 e6 12. Rb1 b6 13. b3 Bb7 14. Bb2 Rfd8 15. f4 Na7
16. Bf3 b5 17. cxb5 Nxb5 18. Rc1 Qb6 19. Qd2 Nxc3 20. Bxc3 Nxe4 21. Bxe4 Bxe4
22. Ba5 Qd4 23. Qf2 Rdc8 24. Kh1 d5 25. Qg3 Qb2 26. Rxc8+ Rxc8 27. Rf2 Rc1+ 28.
Nf1 Bd4 {White resigns} 0-1

[Event "Team 45 45 League T43"]
[Site "Internet Chess Club"]
[Date "2009.11.15"]
[Round "3"]
[White "Esslinger"]
[Black "froggoathorse"]
[Result "0-1"]
[WhiteElo "1377"]
[BlackElo "1624"]
[Opening "QGD: 6.Nf3"]
[ECO "D55"]
[Time "16:02:23"]
[TimeControl "2700+45"]

1. d4 d5 2. c4 e6 3. Nc3 Nf6 4. Bg5 Be7 5. Nf3 O-O 6. e3 b6 7. Bd3 Bb7 8. O-O c5
9. dxc5 bxc5 10. cxd5 exd5 11. Rc1 Nbd7 12. Bf4 c4 13. Be2 Nc5 14. Nd4 Nfe4 15.
Nxe4 Nxe4 16. Bf3 Nc5 17. Be2 Rc8 18. b3 cxb3 19. Nxb3 Ne4 20. Qd3 Nc5 21. Nxc5
Rxc5 22. Rxc5 Bxc5 23. Rc1 Qa5 24. Qb5 Qxb5 25. Bxb5 Bb6 26. Kf1 Rc8 27. Rxc8+
Bxc8 28. Be5 f6 29. Bc3 Kf7 30. Ke2 Bf5 31. Bd3 Ke6 32. Bxf5+ Kxf5 33. Kd3 g5
34. Bd4 g4 35. a4 h5 36. g3 Ke6 37. Kc3 Ba5+ 38. Kd3 a6 39. Bc3 Bxc3 40. Kxc3 a5
41. Kd3 Ke5 42. Kd2 Ke4 43. Ke2 f5 44. Kd2 Kf3 45. Kd3 Kxf2 46. Kd4 Kg2 47. Ke5
{White resigns} 0-1

[Event "Team 45 45 League T43"]
[Site "Internet Chess Club"]
[Date "2009.11.14"]
[Round "3"]
[White "philosopherking"]
[Black "Kingangyal"]
[Result "1-0"]
[WhiteElo "1510"]
[BlackElo "1441"]
[Opening "Old Indian defense"]
[ECO "A42"]
[Time "13:01:19"]
[TimeControl "2700+45"]

1. d4 d6 2. c4 e5 3. Nf3 e4 4. Ng5 f5 5. d5 Be7 6. Ne6 Bxe6 7. dxe6 c6 8. Qb3 b6
9. Qg3 g6 10. h4 Nf6 11. h5 Rg8 12. Bg5 Ng4 13. Bxe7 Qxe7 14. hxg6 hxg6 15. Nc3
Qxe6 16. Rd1 Ne5 17. e3 Na6 18. f4 Nxc4 19. b3 Qf6 20. Rc1 Na5 21. Bxa6 b5 22.
b4 Nc4 23. Bb7 d5 24. Nxd5 Qb2 25. Bxc6+ Kf8 26. Rd1 Rd8 27. Qg5 Rxd5 28. Bxd5
Qc3+ 29. Kf1 Nxe3+ 30. Kg1 Nxd1 31. Qd8+ Kg7 32. Qe7# {Black checkmated} 1-0

[Event "Team 45 45 League T43"]
[Site "Internet Chess Club"]
[Date "2009.11.14"]
[Round "3"]
[White "kingsrook"]
[Black "yemisco1"]
[Result "1-0"]
[WhiteElo "1303"]
[BlackElo "1526"]
[Opening "Queen's pawn game"]
[ECO "D02"]
[Time "16:00:19"]
[TimeControl "2700+45"]

1. d4 d5 2. Nf3 g6 3. Bf4 Bg7 4. h3 Nc6 5. e3 a6 6. c4 Nf6 7. Nc3 Be6 8. Qb3 b6
9. Bd3 O-O 10. O-O Na5 11. Qb4 Nxc4 12. Bxc4 dxc4 13. Ne5 b5 14. Nc6 Qd7 15.
Nxe7+ Kh8 16. Qc5 Rfe8 17. Nc6 Nh5 18. Bh2 f5 19. Rad1 Qf7 20. d5 Bd7 21. Rd2
Nf6 22. Rfd1 Bxc6 23. Qxc6 Ne4 24. Nxe4 fxe4 25. Qxc7 Qxc7 26. Bxc7 c3 27. bxc3
Bxc3 28. Rc2 b4 29. d6 Rac8 30. d7 Rg8 31. d8=Q Rcxd8 32. Rxd8 Rxd8 33. Bxd8 Kg8
34. Kf1 Kf7 35. Ke2 Ke6 36. Rc1 Kd5 37. Bb6 h5 38. Rd1+ Kc6 39. Bd4 a5 40. Bxc3
bxc3 41. Rc1 a4 42. Rxc3+ Kb5 43. Kd2 Kb4 44. Kc2 g5 45. g3 g4 46. hxg4 hxg4 47.
Rc6 Ka3 48. Kb1 Kb4 49. Rg6 Kc3 50. Rxg4 Kd3 51. Rf4 a3 52. g4 Ke2 53. g5 Kd3
54. g6 {Black resigns} 1-0

[Event "Team 45 45 League T43"]
[Site "Internet Chess Club"]
[Date "2009.11.16"]
[Round "3"]
[White "whale5970"]
[Black "parrot9"]
[Result "1/2-1/2"]
[WhiteElo "1602"]
[BlackElo "1739"]
[Opening "Sicilian: Alapin's variation (2.c3)"]
[ECO "B22"]
[Time "16:15:51"]
[TimeControl "2700+45"]

1. e4 c5 2. c3 Nf6 3. e5 Nd5 4. d4 e6 5. Nf3 d6 6. dxc5 dxc5 7. a3 Be7 8. c4 Nb6
9. Qxd8+ Bxd8 10. Nc3 a6 11. Ne4 Be7 12. Be3 N8d7 13. a4 a5 14. Nc3 O-O 15. Bd3
Rd8 16. b3 Nf8 17. Rd1 Bd7 18. O-O Bc6 19. Bc2 Ng6 20. Be4 Nd7 21. Bxc6 bxc6 22.
Ne4 Rab8 23. Bd2 Ra8 24. Bc3 Rab8 25. Bxa5 Ndxe5 26. Bxd8 Nxf3+ 27. gxf3 Bxd8
28. Rd3 Ne5 29. Re3 Be7 30. Rd1 h6 31. Nxc5 Nxc4 32. bxc4 Bxc5 33. Rc3 Rb2 34.
Rf1 Ra2 35. Kg2 Rxa4 36. Rc2 Bd4 37. Rd1 c5 38. Rb1 Ra3 39. Rb8+ Kh7 40. Rb7 Kg6
41. f4 Rc3 42. Rxc3 Bxc3 43. Kf3 Bd4 44. Rd7 Kf6 45. h4 {Game drawn by mutual
agreement} 1/2-1/2

[Event "Team 45 45 League T43"]
[Site "Internet Chess Club"]
[Date "2009.11.14"]
[Round "3"]
[White "Invicta-Knight"]
[Black "quaksterjohny"]
[Result "1-0"]
[WhiteElo "1507"]
[BlackElo "1399"]
[Opening "Caro-Kann: Panov-Botvinnik attack, 5...g6"]
[ECO "B14"]
[Time "10:03:01"]
[TimeControl "2700+45"]

1. e4 c6 2. d4 d5 3. exd5 cxd5 4. c4 Nf6 5. Nc3 g6 6. Qb3 Bg7 7. cxd5 O-O 8. Be2
Nbd7 9. Bf3 Nb6 10. Bg5 Bf5 11. Nge2 Bd3 12. Bxf6 Bxf6 13. O-O Bc4 14. Qb4 Bxe2
15. Nxe2 Nxd5 16. Qxb7 Nc7 17. Rac1 Ne6 18. Qxa8 Qxa8 19. Bxa8 Rxa8 20. Rfd1 Rb8
21. b3 Bg5 22. Rc4 Kg7 23. g3 Bf6 24. f4 Kg8 25. Kf2 h5 26. Ke3 Rd8 27. Rdc1 g5
28. Rc8 gxf4+ 29. Nxf4 Bxd4+ 30. Ke4 Ng5+ 31. Kf5 Ne6 32. Nxe6 fxe6+ 33. Kxe6
Bb6 34. Kxe7 Rxc8 35. Rxc8+ Kh7 36. Kf7 Bd4 37. h3 a5 38. g4 h4 39. Rc4 Bh8 40.
g5 a4 41. Rxh4# {Black checkmated} 1-0